Match 42206494
Unlisted

Match 42206494
End
Construct Section Command Post
Royal Engineer Section
Selects Heavy Armor Battlegroup
Dingo Light Scout Car
Infantry Section
Infantry Section
Infantry Section
Selects Rigorous Vehicle Training
Construct Platoon Command Post
Humber Armored Car
Unlock M3 Stuart Light Tanks
Vickers Machine Gun Team
Construct Field Infirmary
Selects Light Vehicle Withdraw and Refit
Selects Radio Net
M3 Stuart Light Tank
M3 Stuart Light Tank
Zazzels_ZA
[HAN]Diederick Kastner
Crazy Dog
Crash
Seablaze
TrendyStream9
Jishinki
维维豆奶
0
0

Comments sign in to comment!

No comments posted yet!